Map: Ephemeron LE

Players

TLO - Winner!

  • Race: Zerg Zerg
  • Spawn Location: 11:00

Rhizer

  • Race: Protoss Protoss
  • Spawn Location: 5:00

VOD

Have the link to the VOD?

Description

Time

  • Played on: Sept. 6, 2019, 12:18 p.m.
  • Length: 11:08
Show
View Real Time Build Order
Export as new Build Order

TLO Zerg - Winner!

Build Orders: Hatch First 

Get SALT Encoding   

  12  0:00  Drone  
  13  0:12  Overlord  
  13  0:17  Drone  
  14  0:31  Drone x2  
  16  0:49  Hatchery  
  15  0:52  Drone  
  15  0:56  Drone  
  17  0:59  Drone  
  18  1:07  Extractor  
  17  1:15  Spawning Pool  
  16  1:18  Drone  
  16  1:22  Drone  
  18  1:28  Drone  
  19  1:39  Drone  
  20  1:50  Overlord  
  20  2:02  Zergling x4, Queen  
  20  2:03  Queen  
  26  2:09  Metabolic Boost  
  26  2:14  Drone  
  27  2:17  Drone  
  28  2:33  Hatchery  
  28  2:36  Drone  
  28  2:38  Drone  
  29  2:45  Queen  
  29  2:50  Overlord  
  31  2:53  Zergling x2  
  31  2:56  Zergling x2  
  32  2:59  Drone  
  32  3:05  Overlord  
  33  3:06  Drone  
  33  3:08  Drone  
  33  3:10  Drone  
  36  3:13  Drone  
  36  3:14  Drone  
  36  3:17  Drone  
  38  3:20  Drone  
  38  3:22  Drone  
  38  3:26  Drone x2  
  42  3:29  Drone  
  42  3:31  Zergling x2  
  44  3:35  Queen  
  44  3:39  Drone  
  48  3:41  Drone  
  48  3:45  Queen  
  48  3:47  Drone  
  48  3:48  Drone  
  52  3:52  Overlord  
  52  3:56  Drone x2  
  52  3:59  Spore Crawler  
  52  4:01  Spore Crawler  
  52  4:03  Spore Crawler  
  52  4:04  Drone  
  52  4:06  Drone  
  52  4:08  Drone  
  52  4:09  Drone  
  55  4:11  Drone  
  56  4:17  Roach Warren  
  56  4:18  Drone  
  56  4:19  Drone  
  57  4:26  Drone  
  57  4:29  Spore Crawler  
  57  4:30  Spore Crawler, Drone x2  
  57  4:31  Drone  
  57  4:33  Overlord  
  57  4:34  Zergling x2  
  57  4:37  Lair  
  60  4:39  Zergling x2  
  60  4:40  Extractor  
  60  4:43  Overlord  
  60  4:44  Overlord  
  60  4:48  Zergling x2  
  60  4:49  Drone  
  60  4:50  Overlord, Drone  
  62  4:54  Zergling x2  
  62  4:55  Zergling x4  
  62  4:59  Drone, Extractor  
  65  5:02  Drone  
  65  5:03  Drone  
  65  5:04  Drone  
  65  5:06  Drone  
  65  5:07  Drone, Extractor  
  68  5:08  Drone  
  68  5:10  Evolution Chamber  
  68  5:11  Drone  
  68  5:12  Drone  
  68  5:13  Drone  
  72  5:15  Drone x3  
  72  5:18  Drone  
  76  5:22  Extractor  
  76  5:26  Roach x3  
  81  5:29  Roach  
  81  5:32  Overlord  
  81  5:33  Roach  
  81  5:35  Glial Reconstitution, Roach  
  87  5:37  Zerg Missile Weapons Level 1  
  87  5:39  Drone x2  
  89  5:45  Overlord x2  
  89  5:46  Overlord  
  89  5:48  Overseer  
  89  5:50  Overlord  
  89  5:52  Roach  
  89  5:53  Drone  
  89  5:56  Drone  
  93  5:58  Roach  
  93  5:59  Evolution Chamber  
  93  6:02  Roach  
  93  6:03  Drone  
  97  6:04  Extractor  
  97  6:06  Roach  
  97  6:08  Infestation Pit  
  97  6:10  Drone, Roach  
  97  6:11  Drone  
  101  6:13  Roach  
  101  6:17  Drone  
  101  6:19  Drone  
  101  6:20  Drone  
  101  6:21  Roach x2  
  101  6:22  Drone  
  101  6:24  Roach  
  109  6:28  Zerg Ground Armor Level 1  
  109  6:30  Roach x2  
  113  6:34  Roach x2  
  113  6:36  Roach  
  113  6:38  Roach  
  121  6:40  Drone x2  
  121  6:42  Roach  
  121  6:44  Roach x2  
  129  6:47  Overlord  
  129  6:48  Ravager  
  129  6:56  Overlord  
  129  6:59  Overlord x2  
  129  7:00  Overlord  
  129  7:06  Overlord  
  129  7:08  Ravager x4  
  133  7:10  Roach x2  
  139  7:15  Roach  
  139  7:16  Roach x2  
  139  7:17  Roach  
  139  7:18  Roach  
  139  7:22  Roach x3  
  153  7:23  Roach  
  153  7:25  Roach  
  153  7:28  Roach x2  
  161  7:31  Roach x3  
  161  7:32  Roach  
  161  7:33  Ravager  
  161  7:35  Roach  
  170  7:37  Roach  
  170  7:38  Roach x2  
  170  7:40  Roach  
  170  7:41  Roach  
  176  7:46  Roach  
  176  7:48  Overlord x2  
  178  7:51  Zerg Missile Weapons Level 2  
  176  8:00  Hive  
  176  8:06  Overlord  
  176  8:07  Roach x2  
  176  8:08  Roach x2  
  184  8:18  Overlord  
  184  8:22  Roach  
  184  8:23  Roach x4  
  193  8:28  Zerg Ground Armor Level 2  
  187  8:34  Roach  
  187  8:36  Hatchery, Roach  
  176  8:44  Roach  
  176  8:45  Roach x2  
  162  8:49  Roach x2  
  162  8:51  Roach  
  162  8:55  Roach  
  170  8:56  Roach  
  170  8:57  Roach  
  170  8:58  Roach  
  170  8:59  Roach  
  170  9:02  Roach x2  
  172  9:04  Roach x2  
  172  9:05  Roach x2  
  172  9:08  Roach  
  167  9:10  Roach  
  167  9:11  Roach  
  161  9:17  Roach  
  161  9:22  Roach  
  161  9:23  Roach  
  163  9:25  Roach  
  163  9:26  Roach  
  163  9:28  Viper  
  157  9:32  Roach  
  157  9:34  Roach  
  157  9:37  Roach  
  147  9:39  Roach  
  147  9:45  Roach  
  143  9:50  Roach  
  143  9:51  Roach x2  
  143  9:52  Hydralisk Den, Roach  
  150  9:55  Roach  
  150  9:57  Roach x2  
  150  9:58  Roach  
  150  9:59  Roach  
  160  10:06  Roach  
  156  10:08  Roach x2  
  156  10:13  Roach x2  
  162  10:17  Roach x3  
  162  10:18  Roach x2  
  162  10:19  Roach  
  162  10:21  Drone x4  
  172  10:25  Roach x4  
  182  10:31  Roach x2  
  182  10:34  Ravager  
  182  10:35  Roach  
  189  10:36  Roach  
  189  10:39  Spore Crawler  
  189  10:42  Roach x2  
  194  10:47  Overseer  
Show
View Real Time Build Order
Export as new Build Order

Rhizer Protoss 

Build Orders: 1 Gate Expand, Oracle Opening, Phoenix Opening, Archon Immortal 

Get SALT Encoding   

  12  0:00  Probe  
  13  0:13  Probe  
  14  0:19  Pylon  
  14  0:25  Probe  
  15  0:34  Probe  
  15  0:39  Gateway  
  15  0:42  Probe  
  16  0:48  Assimilator  
  17  0:52  Probe  
  18  1:04  Probe  
  19  1:16  Probe  
  20  1:26  Nexus  
  20  1:34  Cybernetics Core  
  20  1:36  Probe  
  21  1:45  Assimilator  
  21  1:49  Probe  
  21  1:53  Pylon  
  22  2:00  Probe  
  23  2:01  Adept  
  23  2:08  Probe  
  26  2:17  Probe  
  26  2:22  Stargate  
  27  2:27  Probe  
  28  2:32  Adept  
  30  2:39  Probe  
  30  2:41  Probe  
  30  2:42  Warp Gate  
  32  2:51  Probe  
  32  2:53  Probe  
  34  2:59  Phoenix  
  34  3:03  Probe  
  34  3:05  Probe  
  38  3:15  Probe  
  38  3:17  Probe  
  40  3:20  Gateway  
  40  3:21  Pylon  
  40  3:24  Oracle  
  43  3:28  Probe  
  44  3:35  Probe  
  44  3:40  Probe  
  46  3:43  Robotics Facility  
  46  3:45  Assimilator  
  46  3:47  Probe  
  47  3:48  Assimilator  
  47  3:52  Probe  
  48  3:59  Probe  
  48  4:00  Pylon  
  49  4:04  Probe  
  49  4:06  Twilight Council  
  50  4:11  Probe  
  50  4:16  Pylon, Probe  
  52  4:23  Probe  
  53  4:32  Immortal  
  53  4:33  Adept x2  
  61  4:45  Charge  
  61  4:50  Nexus  
  61  4:52  Pylon  
  61  4:53  Pylon  
  61  4:56  Probe x2, Sentry  
  61  4:57  Sentry  
  67  5:03  Pylon  
  67  5:05  Immortal  
  67  5:12  Probe x2  
  73  5:20  Zealot  
  75  5:22  Zealot  
  75  5:24  Probe x2  
  79  5:35  Gateway  
  79  5:36  Gateway x2  
  79  5:42  Templar Archives  
  79  5:43  Sentry x2  
  79  5:44  Observer  
  79  5:49  Probe  
  85  5:50  Probe  
  86  5:57  Warp Prism, Gateway  
  86  6:02  Gateway  
  86  6:05  Gateway  
  88  6:11  Probe  
  89  6:23  Probe  
  90  6:26  High Templar  
  90  6:27  High Templar  
  90  6:30  Probe x2  
  96  6:36  Pylon  
  96  6:37  Archon  
  96  6:38  Pylon  
  96  6:40  Pylon  
  96  6:45  Sentry x3  
  102  6:53  Zealot  
  102  7:03  Pylon  
  102  7:08  High Templar x2  
  106  7:09  Zealot x5  
  106  7:13  Archon  
  116  7:18  Psionic Storm  
  116  7:19  Gateway  
  116  7:20  Gateway  
  116  7:22  Pylon  
  116  7:28  Zealot  
  116  7:29  Zealot x5  
  125  7:33  Probe x2  
  125  7:34  Probe  
  124  7:39  Immortal  
  124  7:42  Probe x2  
  126  7:46  Probe  
  126  7:49  High Templar  
  126  7:50  Probe x2  
  130  7:54  Probe  
  133  7:59  Probe  
  133  8:00  Probe  
  133  8:02  Probe, High Templar  
  137  8:07  Shield Battery  
  137  8:08  Shield Battery  
  137  8:11  Shield Battery  
  137  8:12  Probe  
  139  8:13  Immortal  
  139  8:14  High Templar  
  141  8:23  Pylon  
  141  8:24  Pylon  
  141  8:26  Pylon  
  141  8:34  Zealot  
  141  8:36  Zealot x2  
  141  8:37  Zealot x3  
  126  8:46  Immortal  
  118  8:55  Forge  
  118  8:57  Forge  
  118  9:01  Zealot x2  
  101  9:13  Zealot x3  
  99  9:20  Zealot x3  
  89  9:28  Zealot x2  
  79  9:34  Probe  
  76  9:39  Probe x2  
  72  9:47  High Templar x4  
  72  9:50  Zealot  
  82  9:53  Zealot  
  79  10:05  Probe x2  
  79  10:06  Probe  
  79  10:08  High Templar x2  
  79  10:17  Probe x2  
  81  10:27  High Templar  
  81  10:28  Zealot x2, High Templar  
  85  10:32  Archon  
  89  10:48  Zealot x4  
  89  10:49  Zealot  
  95  11:04  Zealot x3  
Tags
 
Add a new tag
Caveats
  • Supply blocks, unpowered buildings, or Contaminate may cause inaccurate times.
  • Supply counts are checked every 10 seconds.